 Dungeon Crawl Stone Soup version 0.28.0-43-g3370ac3207 (webtiles) character file.

Game seed: 9609799683397493582

601 Faeu the Shield-Bearer (level 7, -2/62 HPs)
             Began as a Minotaur Fighter on Mar 18, 2022.
             Was an Initiate of Gozag.
             Slain by a troll (7 damage)
             ... on level 5 of the Dungeon on Mar 19, 2022.
             The game lasted 00:23:28 (3543 turns).

Faeu the Shield-Bearer (Minotaur Fighter)           Turns: 3543, Time: 00:23:28

Health: -2/62      AC:  8    Str: 22    XL:     7   Next: 18%
Magic:  15/15      EV:  9    Int:  5    God:    Gozag
Gold:   518        SH:  5    Dex: 10    Spells: 6/6 levels left

rFire   . . .      SeeInvis .   A - +2 spear (vamp) {polearm}
rCold   . . .      Faith    .   c - +0 buckler
rNeg    . . .      Spirit   .   b - +0 scale mail
rPois   .          Reflect  .   (helmet restricted)
rElec   .          Harm     .   (no cloak)
rCorr   .          Rampage  .   x - +0 pair of gloves
Will    +....                   (no boots)
Stlth   ..........              (no amulet)
HPRegen 0.20/turn               e - ring of magical power
MPRegen 0.14/turn               u - ring of willpower

@: no status effects
A: horns 2, retaliatory headbutt
a: Renounce Religion, Potion Petition, Call Merchant, Bribe Branch


You were on level 5 of the Dungeon.
You worshipped Gozag.
Gozag was pleased with you.
You visited 1 branch of the dungeon, and saw 5 of its levels.

You collected 541 gold pieces.
You paid 23 gold pieces to Gozag.


Innate Abilities, Weirdness & Mutations

You have a pair of horns on your head.
You reflexively headbutt those who attack you in melee.


   Skills:
 + Level 5.8 Fighting
 + Level 5.2 Long Blades
 + Level 5.8 Armour
 + Level 5.9 Shields


You had 6 spell levels left.
You didn't know any spells.
Your spell library contained the following spells:

 Spells                   Type           Power      Damage    Failure   Level
 Conjure Ball Lightning   Conj/Air       0%         3x3d6     100%        6
 Discord                  Hex            0%         N/A       100%        8
 Disjunction              Tloc           0%         N/A       100%        8

Inventory:

Hand Weapons
 a - a +0 long sword {long}
 v - a +0 dagger {short}
   (You took it off a kobold on level 3 of the Dungeon)
 A - a +2 vampiric spear (weapon) {polearm}
   (You found it on level 4 of the Dungeon)
Missiles
 f - 53 arrows
 g - 211 stones (quivered) {throwing}
 m - 7 poisoned darts {throwing}
 p - 3 javelins {throwing}
 t - 21 bolts
 y - a throwing net {=f!fthrowing}
 z - 6 atropa-tipped darts {throwing}
 E - a boomerang {throwing}
Armour
 b - a +0 scale mail (worn)
 c - a +0 buckler (worn)
 x - a +0 pair of gloves (worn)
   (You found it on level 3 of the Dungeon)
Jewellery
 e - a ring of magical power (left hand)
   (You found it on level 1 of the Dungeon)
 u - a ring of willpower (right hand)
   (You found it on level 3 of the Dungeon)
Wands
 C - a wand of flame (20)
   (You found it on level 4 of the Dungeon)
Scrolls
 h - a scroll of noise {unknown}
 i - 2 scrolls of fear {unknown}
 j - a scroll of silence {unknown}
 o - 3 scrolls of identify {unknown}
 q - 3 scrolls of teleportation {unknown}
Potions
 d - a potion of might
 k - 2 potions of degeneration {unknown}
 l - 2 potions of attraction {unknown}
 n - 2 potions of haste {unknown}
 r - 2 potions of mutation {unknown}
 s - a potion of brilliance {unknown}
 w - a potion of flight {unknown}
 D - 2 potions of curing {unknown}

Dungeon Overview and Level Annotations

Branches:
Dungeon (5/15)
 Temple: D:4-7

Altars:
Gozag
Kikubaaqudgha
Vehumet
Zin

#. #.# ##### #. #.#
....# #.## #. #.# ###.#
..# #.##.# #.# #.##
#)##.# # #.#
##..####.##.#.#
#.####[.......##.#.#####
#....)........@T........
######........##.#.#####
#......)......##.# 8#
#.####.....)..##.# #
####.###.##.# ..#.#
#.##.# .....##.##.#
...........#
...........#


You could see a troll.


Message History

D - 2 murky yellow potions (gained 1) 😮 HP[+1]
You open the door.
There is an open door here. 😮 HP[+1]
You open the door.
There is an open door here. 😕 HP[+1] 😕 HP[+1] 😕 HP[+1] 😕 HP[+1]
An orc comes into view. It is wielding a +0 whip.
The orc shouts!
You hear a shout! x3
The orc throws a boomerang.
The boomerang hits you. 😮 HP[-4]
You take 4 damage, and now have 46/62 hp.
An orc comes into view.
It is wielding a +0 short sword and wearing a +1 leather armour of fire resistance.
You puncture the orc!
You feel better.
You kill the orc!
An orc comes into view. It is wielding a +0 club. 😕 HP[+7]
You regained 7 hp, and now have 53/62 hp.
An orc comes into view. It is wielding a +0 hand axe. 😕 HP[+1]
You hit the orc. Your headbutt misses the orc. You block the orc's attack.
The orc hits you with a +0 short sword. 😕 HP[-2]
You take 2 damage, and now have 52/62 hp.
You hit the orc. You block the orc's attack. 😕 HP[+1]
You hit the orc but do no damage. The orc hits you but does no damage.
You barely miss the orc.
You hear the slow hiss of an avalanche of sand nearby.
The orc is distracted by your dazzling golden aura.
You block the orc's attack.
You barely miss the orc. Your headbutt misses the orc.
The orc is no longer distracted by gold.
The orc hits you but does no damage.
You hit the orc.
You kill the orc!
The orc hits you but does no damage.
You hit the orc.
You feel better.
Your headbutt misses the orc.
The orc hits you with a +0 hand axe. 😕 HP[-2]
You take 2 damage, and now have 51/62 hp.
You puncture the orc!
You feel better.
You kill the orc! 😕 HP[+4]
You regained 4 hp, and now have 55/62 hp.
You hit the orc.
You feel better.
You headbutt the orc.
You kill the orc! 😕 HP[+3]
You regained 3 hp, and now have 58/62 hp.
You now have 506 gold pieces (gained 22).
E - a +1 leather armour of fire resistance
Items here: ))) [. 😕 HP[+1]
Items here: ))) [.
Okay, then.
You drop a +1 leather armour of fire resistance. 😕 HP[+1]
You now have 518 gold pieces (gained 12).
E - a boomerang {throwing} You see here a +0 whip {mace}. 😕 HP[+1]
You see here a +0 dagger {short}. 😎 HP[+1]
Your hp is fully restored (62).
Found a stone staircase leading down.
A troll comes into view.
The troll shouts!
The troll barely misses you. You furiously retaliate!
You headbutt the troll. The troll claws you.
The troll claws you but does no damage. 😕 HP[-4]
You take 4 damage, and now have 58/62 hp.
The troll bites you. The troll claws you! The troll claws you. 😮 HP[-15]
You take 15 damage, and now have 43/62 hp.
MASSIVE DAMAGE!! (PAUSE)
You hit the troll. Your headbutt misses the troll. The troll bites you!
* * * LOW HITPOINT WARNING * * *
You block the troll's attack. The troll barely misses you. 😨 HP[-12]
You take 12 damage, and now have 31/62 hp.
Aiming: Throw Flame
Press: ? - help, Shift-Dir - straight line, f - troll
Aim: a troll (68% to hit)
The puff of flame misses the troll.
The troll bites you!
* * * LOW HITPOINT WARNING * * *
The troll claws you!
* * * LOW HITPOINT WARNING * * *
The troll claws you but does no damage. 😱 HP[-27]
You take 27 damage, and now have 4/62 hp.
MASSIVE DAMAGE!! (PAUSE)
As you read the scroll labelled LAHAPLODIM, it crumbles to dust.
It is a scroll of amnesia.
You feel forgetful for a moment. The troll bites you!
You die...
Your body crumbles into a pile of gold.

Skill      XL: |  1  2  3  4  5  6 |
---------------+-------------------+-----
Fighting       | 4 5 |  5.8
Shields        | 4 5 |  5.9
Long Blades    | 3 4 5 |  5.2
Armour         | 4 5 |  5.8

Action                   |  1- 3 |  4- 6 |  7- 9 || total
-------------------------+-------+-------+-------++-------
Melee: Long sword        |    75 |    98 |       ||   173
       Headbutt          |     9 |    17 |     1 ||    27
       Spear             |       |    19 |    11 ||    30
Throw: Stone             |       |     3 |       ||     3
Evoke: Wand              |       |       |     1 ||     1
  Use: Scroll            |       |       |     1 ||     1
 Stab: Distracted        |       |     1 |       ||     1
Armor: Scale mail        |    31 |    44 |     5 ||    80
Dodge: Dodged            |    36 |    54 |     2 ||    92
Block: Buckler           |    13 |    17 |     4 ||    34

Levels and vault maps discovered:
D:1:      minmay_arrival_five_plusses, layout_basic,
          dreamdust_ecumenical_altar_drowned_temple, minivault_23
D:2:      layout_rooms, kennysheep_flooded_box, chequers_serial_rivers_micro_b
D:3:      layout_loops_cross, mainiacjoe_overflow_surrounded_room,
          mainiacjoe_overflow_alcove_4, lemuel_doored_altar
D:4:      layout_loops_ring, mainiacjoe_overflow_alcove_1,
          hangedman_decor_clover_reticule, lightli_corner_chamber
D:5:      layout_basic, lightli_ossuary_entry_decrepit_ruins, serial_shops,
          shop, uniq_duvessa

Notes
Turn   | Place    | Note
-------+----------+-------------------------------------------
     0 | D:1      | Faeu the Minotaur Fighter began the quest for the Orb.
     0 | D:1      | Reached XP level 1. HP: 19/19 MP: 0/0
     0 | D:1      | magus.rc [v1.9.6]
   217 | D:1      | Reached XP level 2. HP: 27/27 MP: 1/1
   354 | D:1      | You pick up a book of Chaos and begin reading...
   354 | D:1      | You add the spells Conjure Ball Lightning, Disjunction and
                  | Discord to your library.
   535 | D:1      | Reached skill level 4 in Fighting
   535 | D:1      | Reached skill level 4 in Shields
   536 | D:1      | Reached skill level 3 in Long Blades
   536 | D:1      | Reached skill level 4 in Armour
   566 | D:1      | Reached XP level 3. HP: 23/33 MP: 2/2
   664 | D:1      | Found a faded altar of an unknown god.
   914 | D:2      | Reached XP level 4. HP: 40/40 MP: 3/3
  1068 | D:2      | Found an opulent altar of Gozag.
  1078 | D:2      | Became a worshipper of Gozag Ym Sagoz the Greedy
  1432 | D:3      | Found an ancient bone altar of Kikubaaqudgha.
  1495 | D:3      | Found a glowing silver altar of Zin.
  1544 | D:3      | Found an opulent altar of Gozag.
  2527 | D:4      | Reached XP level 5. HP: 43/47 MP: 4/4
  2588 | D:4      | Reached skill level 4 in Long Blades
  2596 | D:4      | Noticed a black bear
  2614 | D:4      | Killed a black bear
  2615 | D:4      | Reached skill level 5 in Fighting
  2615 | D:4      | Reached skill level 5 in Armour
  2615 | D:4      | Reached skill level 5 in Shields
  2615 | D:4      | Reached XP level 6. HP: 50/56 MP: 5/5
  2857 | D:4      | Noticed a yak
  3270 | D:4      | Found a radiant altar of Vehumet.
  3352 | D:5      | Entered Level 5 of the Dungeon
  3352 | D:5      | Noticed a water moccasin
  3362 | D:5      | Killed a water moccasin
  3363 | D:5      | Reached skill level 5 in Long Blades
  3459 | D:5      | Reached XP level 7. HP: 43/62 MP: 6/6
  3536 | D:5      | Noticed a troll
  3540 | D:5      | HP: 4/62 [troll (12)]
  3543 | D:5      | Slain by a troll

Vanquished Creatures
  A water moccasin (D:5)
  A black bear (D:4)
  2 ogres
  An orc priest (D:3)
  An iguana (D:4)
  A hound zombie (D:4)
  3 adders
  3 gnolls (D:4)
  An adder skeleton (D:4)
  2 worms
  4 dart slugs (D:1)
  8 orcs
  13 endoplasms
  3 giant cockroaches
  2 goblins (D:4)
  10 hobgoblins
  2 jackals (D:1)
  9 kobolds
  5 quokkas
  4 ball pythons
  4 bats
  4 frilled lizards
  9 rats
  A spectral goblin (D:1)
94 creatures vanquished.

Table legend:
 A = Non-vault XP
 B = Vault XP
 C = Vault XP percentage of total XP
 D = Non-vault monster count
 E = Vault monster count
 F = Vault count percentage of total count
                 A         B        C        D         E       F
            +---------+---------+-------+---------+---------+-------
      Total |     858 |       1 |   0.1 |      93 |       1 |   1.1
            +---------+---------+-------+---------+---------+-------
        D:1 |      57 |       1 |   1.7 |      27 |       1 |   3.6
        D:2 |      55 |       0 |   0.0 |      19 |       0 |   0.0
        D:3 |      82 |       0 |   0.0 |      23 |       0 |   0.0
        D:4 |     386 |       0 |   0.0 |      18 |       0 |   0.0
        D:5 |     278 |       0 |   0.0 |       6 |       0 |   0.0
            +---------+---------+-------+---------+---------+-------

Illustrated notes

Table legend:
 A = Kills in this place as a percentage of kills in entire the game.
 B = Kills by you in this place as a percentage of kills by you in the entire game.
 C = Kills by friends in this place as a percentage of kills by friends in the entire game.
 D = Other kills in this place as a percentage of other kills in the entire game.
 E = Experience gained in this place as a percentage of experience gained in the entire game.
 F = Experience gained in this place divided by the number of levels of this place that you have seen.
                   A       B       C       D       E      F
               +-------+-------+-------+-------+-------+----------------------
         Total | 100.0 | 100.0 |   N/A |   N/A | 100.0 | 171.8
       Dungeon | 100.0 | 100.0 |   N/A |   N/A | 100.0 | 171.8
               +-------+-------+-------+-------+-------+----------------------

Table legend: (Time is in decaauts)
 A = Elapsed time spent in this place.
 B = Non-inter-level travel time spent in this place.
 C = Inter-level travel time spent in this place.
 D = Time resting spent in this place.
 E = Time spent auto-exploring this place.
 F = Levels seen in this place.
 G = Mean time per level.
                   A        B        C        D        E       F      G
               +--------+--------+--------+--------+--------+-----+--------+
         Total |   3600 |   3600 |      0 |     79 |   2116 |   5 |  720.0 |
       Dungeon |   3600 |   3600 |      0 |     79 |   2116 |   5 |  720.0 |
               +--------+--------+--------+--------+--------+-----+--------+

Top non-repeatable levels by time:
     D:3: 1125 daAuts
     D:1: 852 daAuts
     D:4: 843 daAuts
     D:2: 584 daAuts
     D:5: 194 daAuts
